 Dungeon Crawl Stone Soup version 0.30-a0-347-gf58ed5266c (webtiles) character file.

Game seed: 11100254773347987034

18273 funkygono the Arsonist (level 12, 0/85 HPs)
             Began as a Grey Draconian Fire Elementalist on Nov 5, 2022.
             Was a Priest of Vehumet.
             Shot with an arrow by a centaur (12 damage)
             ... led by a centaur warrior
             ... on level 13 of the Dungeon.
             The game lasted 00:24:31 (13214 turns).

funkygono the Arsonist (DrFE)                      Turns: 13214, Time: 00:24:32

Health: 0/85       AC: 15    Str: 10    XL:     12   Next: 26%
Magic:  6/27       EV: 14    Int: 20    God:    Vehumet [***...]
Gold:   879        SH:  0    Dex: 19    Spells: 17/34 levels left

rFire   + . .      SeeInvis .    v - staff of fire
rCold   . . .      Faith    .    (no shield)
rNeg    . . .      Spirit   .    (body armour unavailable)
rPois   .          Reflect  .    (helmet restricted)
rElec   .          Harm     .    (no cloak)
rCorr   +          Rampage  .    (no gloves)
Will    .....                    y - +1 pair of boots
Stlth   +++.......               (no amulet)
HPRegen 0.34/turn                w - +6 ring of dexterity
MPRegen 0.20/turn                o - ring of resist corrosion

@: no status effects
A: AC +13, amphibious, unfitting armour, cold-blooded
a: Renounce Religion


You were on level 13 of the Dungeon.
You worshipped Vehumet.
Vehumet was most pleased with you.
You visited 2 branches of the dungeon, and saw 14 of its levels.

You collected 879 gold pieces.

Inventory:

Hand Weapons
 i - a +0 vorpal mace
 E - a +1 whip of electrocution
Armour
 y - a +1 pair of boots (worn)
Magical Staves
 e - a staff of earth
 j - a staff of poison
 v - a staff of fire (weapon)
Jewellery
 o - a ring of resist corrosion (right hand)
 p - a +6 ring of dexterity
 w - a +6 ring of dexterity (left hand)
 B - a ring of protection from cold
 J - a ring of see invisible
Wands
 c - a wand of acid (3)
 s - a wand of roots (11)
 x - a wand of digging (2)
 H - a wand of mindburst (6)
 I - a wand of paralysis (5)
Scrolls
 b - 3 scrolls of magic mapping
 f - a scroll of fog
 g - 4 scrolls of teleportation
 k - a scroll of vulnerability
 n - 3 scrolls of amnesia
 D - 3 scrolls of immolation
 F - a scroll of brand weapon
Potions
 a - 2 potions of magic
 d - a potion of haste
 h - 3 potions of lignification
 l - 4 potions of flight
 m - a potion of resistance
 q - a potion of invisibility
 r - 3 potions of attraction
 t - 8 potions of curing
 u - 3 potions of heal wounds
 z - a potion of mutation
 A - a potion of cancellation
 C - 3 potions of brilliance
 G - a potion of berserk rage {unknown}


   Skills:
 + Level 1.8 Fighting
 + Level 0.7(1.5) Maces & Flails
 + Level 2.1(2.2) Staves
 + Level 3.7 Dodging
 + Level 3.8 Stealth
 + Level 11.8 Spellcasting
 + Level 7.4 Conjurations
 + Level 0.2 Translocations
 * Level 12.0 Fire Magic
 + Level 0.3 Air Magic
 * Level 4.4 Earth Magic
 * Level 3.6 Poison Magic


You had 17 spell levels left.
You knew the following spells:

 Your Spells              Type           Power      Damage    Failure   Level
a - Foxfire               Conj/Fire      100%       2x1d9     1%          1
b - Scorch                Fire           100%       2d10      1%          2
c - Kindle Blastsparks    Fire/Tloc/Air  86%        2d17      1%          3
d - Flame Wave            Conj/Fire      66%        2d15      1%          4
e - Olgreb's Toxic Radia  Pois           26%        N/A       3%          4
f - Frozen Ramparts       Ice            22%        1d4       4%          3

Your spell library contained the following spells:

 Spells                   Type           Power      Damage    Failure   Level
 Airstrike                Air            6%         2d(1-17)  13%         4
 Magic Dart               Conj           100%       1d8       1%          1
 Poisonous Vapours        Pois/Air       38%        N/A       1%          2
 Searing Ray              Conj           82%        2d7       1%          2
 Inner Flame              Hex/Fire       52%        N/A       1%          3
 Sting                    Tmut/Pois      76%        1d6       2%          1
 Fulminant Prism          Conj/Hex       13%        3d8       3%          4
 Iskenderun's Mystic Bla  Conj/Tloc      27%        2d7       3%          4
 Apportation              Tloc           24%        N/A       5%          1
 Necrotise                Necr           44%        1d6       6%          1
 Summon Small Mammal      Summ           44%        N/A       6%          1
 Lee's Rapid Deconstruct  Erth           14%        3d9*      7%          5


Dungeon Overview and Level Annotations

Branches:
Dungeon (13/15)            Temple (1/1) D:5            Lair (0/5) D:9
    Orc (0/2) D:10
 Vaults: D:13-14

Altars:
Ashenzari
Cheibriados
Dithmenos
Elyvilon
Fedhas
Gozag
Hepliaklqana
Kikubaaqudgha
Makhleb
Nemelex Xobeh
Okawaru
Qazlal
Ru
Sif Muna
Trog
Uskayaw
Vehumet
Wu Jian
Xom
Yredelemnul
Zin
The Shining One

Portals:
Abyss: D:13

Annotations:
D:13 2 transporters, Mueg's ghost, journeyman DECj


Innate Abilities, Weirdness & Mutations

Your dull iron-grey scales are very hard. (AC +13)
You are amphibious.
You cannot fit into any form of body armour.
You are cold-blooded and may be slowed by cold attacks.


Message History

The foxfire hits the gargoyle!
The gargoyle is burned terribly!
You destroy the gargoyle!
Vehumet accepts your kill.
Your foxfire dissipates!
Your foxfire dissipates!
A centaur comes into view.
A centaur warrior comes into view.
There are monsters nearby!
Casting: Foxfire (safe; 1% risk of failure)
Confirm with . or Enter, or press ? or * to list all spells.
You feel a surge of power!
You conjure some foxfire!
Casting: Foxfire (safe; 1% risk of failure)
Confirm with . or Enter, or press ? or * to list all spells.
You feel a surge of power!
You conjure some foxfire!
The centaur warrior shouts!
The centaur shouts!
You hear a shout!
A centaur comes into view.
The centaur wields a +0 shortbow.
The centaur shoots an arrow.
The arrow misses you.
The centaur warrior wields a +0 shortbow.
The centaur warrior shoots an arrow.
The arrow hits you!!
* * * LOW HITPOINT WARNING * * *
A centaur comes into view. It is wielding a +0 short sword.
A centaur comes into view.
The foxfire hits the centaur but does no damage.
The centaur shoots an arrow.
The arrow closely misses you.
The centaur shouts!
The foxfire hits the centaur.
The centaur is lightly wounded.
The centaur wields a +0 shortbow.
The centaur shoots an arrow.
The arrow closely misses you.
The centaur wields a +0 shortbow.
The centaur shoots an arrow.
The arrow completely misses you.
The foxfire hits the centaur.
The centaur is moderately wounded.
The foxfire hits the centaur warrior!
The centaur warrior is lightly wounded.
The centaur shoots an arrow.
The arrow closely misses you.
The centaur shoots an arrow.
The arrow hits you!
* * * LOW HITPOINT WARNING * * *
The centaur shoots an arrow.
The arrow hits you!
You die...

..##..... .....cccc
#..... ......c.# #....#
........# #....#
........# #....#
......§.# #....#
.....§..# .. #....#
..>...§.# ...###....#
.......@####..........##
........................
........................
...............###......
............... #...###
..##.......)... #...# ..
#........... #...###
#...........###......
#..............9.....


You could see a centaur warrior and 4 centaurs.

Vanquished Creatures
  A hydra (D:13)
  Erica (D:8)
  A boulder beetle (D:12)
  4 two-headed ogres
  Sonja (D:12)
  An ugly thing (D:13)
  3 deep elf pyromancers
  3 cyclopes
  A gargoyle (D:13)
  Maggie (D:8)
  3 unseen horrors
  A kobold demonologist (D:11)
  A komodo dragon (D:12)
  2 trolls
  Prince Ribbit (D:9)
  Grinder (D:3)
  Sigmund (D:5)
  A shadow (D:10)
  A wraith (D:11)
  A vampire (D:10)
  3 wyverns (D:9)
  10 yaks
  2 steam dragons (D:8)
  A basilisk (D:9)
  7 vampire mosquitoes
  An acid dragon (D:8)
  A water moccasin (D:8)
  2 orc warriors (D:9)
  4 black bears
  A sky beast (D:5)
  2 ogres
  An ice beast (D:6)
  10 centaurs
  Blork the orc (D:4)
  2 bullfrogs
  6 kobold brigands
  A gnoll sergeant (D:10)
  3 scorpions
  2 necrophages
  3 wights (D:6)
  2 jellies
  9 killer bees (D:9)
  4 howler monkeys
  A hound (D:5)
  10 orc priests
  4 iguanas
  4 orc wizards
  7 adders
  10 gnolls
  A shadow imp (D:6)
  A worm (D:4)
  A dart slug (D:5)
  35 orcs
  8 endoplasms
  A giant cockroach (D:1)
  8 goblins
  6 hobgoblins
  6 jackals (D:1)
  10 quokkas
  8 ball pythons
  11 bats
  4 frilled lizards
  25 kobolds
  4 rats
273 creatures vanquished.

Vanquished Creatures (collateral kills)
  A foxfire (D:3)
1 creature vanquished.

Vanquished Creatures (others)
  971 foxfires
  12 plants
983 creatures vanquished.

Grand Total: 1257 creatures vanquished

Notes
Turn   | Place    | Note
-------+----------+-------------------------------------------
     0 | D:1      | funkygono the Draconian Fire Elementalist began the quest
                  | for the Orb.
     0 | D:1      | Reached XP level 1. HP: 14/14 MP: 3/3
   242 | D:1      | Reached XP level 2. HP: 20/20 MP: 0/5
   310 | D:1      | Learned a level 2 spell: Scorch
   724 | D:1      | Reached XP level 3. HP: 26/26 MP: 4/6
   728 | D:1      | Learned a level 3 spell: Kindle Blastsparks
   844 | D:1      | Reached skill level 4 in Fire Magic
  2293 | D:3      | Reached XP level 4. HP: 33/33 MP: 4/7
  2343 | D:3      | Noticed Grinder
  2349 | D:3      | Killed Grinder
  2350 | D:3      | Reached skill level 5 in Fire Magic
  2350 | D:3      | Reached XP level 5. HP: 36/39 MP: 0/10
  2504 | D:3      | Learned a level 4 spell: Flame Wave
  2596 | D:3      | Found a faded altar of an unknown god.
  2641 | D:4      | Noticed an ogre
  2746 | D:4      | Found a stormy altar of Qazlal.
  2772 | D:4      | Reached XP level 6. HP: 42/46 MP: 1/11
  3138 | D:4      | Noticed Blork the orc
  3145 | D:4      | Killed Blork the orc
  3149 | D:4      | Your scales start taking on a dull iron-grey colour.
  3149 | D:4      | Reached XP level 7. HP: 51/51 MP: 2/13
  3371 | D:4      | Reached skill level 1 in Staves
  3874 | D:5      | Entered Level 5 of the Dungeon
  3883 | D:5      | Reached skill level 6 in Fire Magic
  4216 | D:5      | Found a glowing golden altar of the Shining One.
  4239 | D:5      | Identified the +7 dagger of Zemet {vorpal, rC- Str+6 SInv}
  4279 | D:5      | Noticed Sigmund
  4284 | D:5      | Killed Sigmund
  4285 | D:5      | Reached skill level 1 in Fighting
  4285 | D:5      | Reached XP level 8. HP: 59/59 MP: 10/15
  4446 | D:5      | Found a staircase to the Ecumenical Temple.
  4456 | Temple   | Entered the Ecumenical Temple
  4571 | D:5      | Reached skill level 5 in Spellcasting
  4884 | D:5      | Found a burning altar of Makhleb.
  5190 | D:6      | Reached skill level 7 in Fire Magic
  5429 | D:6      | Found a broken altar of Ashenzari.
  5754 | D:6      | Found a glowing silver altar of Zin.
  5769 | D:6      | Reached XP level 9. HP: 54/63 MP: 5/18
  6182 | D:7      | Found a blossoming altar of Fedhas.
  6207 | D:7      | Reached skill level 8 in Fire Magic
  6596 | D:7      | Found a radiant altar of Vehumet.
  6726 | D:7      | Became a worshipper of Vehumet
  6782 | D:7      | Found an ancient bone altar of Kikubaaqudgha.
  6971 | D:8      | Found a snail-covered altar of Cheibriados.
  7173 | D:8      | Reached skill level 5 in Conjurations
  7374 | D:8      | Noticed Erica
  7390 | D:8      | Killed Erica
  7518 | D:8      | Reached skill level 9 in Fire Magic
  7696 | D:8      | Reached XP level 10. HP: 66/71 MP: 7/22
  7978 | D:8      | Noticed Maggie
  7990 | D:8      | Killed Maggie
  8098 | D:8      | Found a shimmering altar of Xom.
  8098 | D:8      | Found an iron altar of Okawaru.
  8338 | D:8      | Noticed a two-headed ogre
  8375 | D:8      | Killed a two-headed ogre
  8952 | D:9      | Reached * piety under Vehumet
  8952 | D:9      | Offered knowledge of Shock by Vehumet.
  9035 | D:9      | Noticed Prince Ribbit
  9044 | D:9      | Killed Prince Ribbit
  9291 | D:9      | Reached skill level 10 in Fire Magic
  9307 | D:9      | Reached skill level 10 in Spellcasting
  9386 | D:9      | Found a staircase to the Lair.
  9537 | D:9      | Reached ** piety under Vehumet
  9537 | D:9      | Offered knowledge of Kiss of Death by Vehumet.
  9955 | D:9      | Learned a level 4 spell: Olgreb's Toxic Radiance
 10064 | D:10     | Entered Level 10 of the Dungeon
 10144 | D:10     | Noticed a deep elf pyromancer
 10147 | D:10     | Noticed a deep elf pyromancer
 10150 | D:10     | Killed a deep elf pyromancer
 10151 | D:10     | Reached XP level 11. HP: 76/77 MP: 17/25
 10160 | D:10     | Killed a deep elf pyromancer
 10617 | D:10     | Found a bloodstained altar of Trog.
 10697 | D:10     | Found a staircase to the Orcish Mines.
 10712 | D:10     | Offered knowledge of Frozen Ramparts by Vehumet.
 11039 | D:11     | Reached skill level 1 in Poison Magic
 11109 | D:11     | Noticed a two-headed ogre
 11115 | D:11     | Noticed a two-headed ogre
 11116 | D:11     | Killed a two-headed ogre
 11117 | D:11     | Reached skill level 1 in Earth Magic
 11123 | D:11     | Killed a two-headed ogre
 11131 | D:11     | Reached skill level 11 in Fire Magic
 11629 | D:11     | Noticed a two-headed ogre
 11637 | D:11     | Killed a two-headed ogre
 11820 | D:12     | Noticed a boulder beetle
 11833 | D:12     | Killed a boulder beetle
 11833 | D:12     | Reached *** piety under Vehumet
 12230 | D:12     | Reached XP level 12. HP: 79/85 MP: 10/27
 12385 | D:12     | Noticed Sonja
 12393 | D:12     | Killed Sonja
 12569 | D:12     | Learned a level 3 spell: Frozen Ramparts
 12582 | D:13     | Noticed a centaur warrior
 12952 | D:13     | Noticed a tentacled monstrosity
 12956 | D:13     | Found a transporter.
 12966 | D:13     | Found a one-way gate to the infinite horrors of the Abyss.
 12966 | D:13     | Noticed Mueg's ghost (journeyman DECj)
 13084 | D:13     | Noticed a great orb of eyes
 13176 | D:13     | Found a transporter.
 13180 | D:13     | Noticed a five-headed hydra
 13186 | D:13     | Killed a five-headed hydra
 13186 | D:13     | Offered knowledge of Airstrike by Vehumet.
 13187 | D:13     | Reached skill level 12 in Fire Magic
 13210 | D:13     | Noticed a centaur warrior
 13214 | D:13     | Shot with an arrow by a centaur

Illustrated notes

Levels and vault maps discovered:
D:1:      shiori_arrival_maze, layout_basic, minmay_surrounded
D:2:      layout_basic
D:3:      layout_rooms, shapermc_ecumenical_altar_mp_urbaneastern, uniq_grinder
D:4:      layout_rooms, mainiacjoe_overflow_chevrons, uniq_blork_the_orc
D:5:      layout_loops_ring, marbit_many_paths, nicolae_tso_carved_into_rock,
          minmay_temple_entry_glassed_door, chequers_serial_rivers_micro_d,
          uniq_sigmund
D:6:      layout_rooms, mainiacjoe_overflow_concentric_impassable,
          mainiacjoe_overflow_alcove_4
D:7:      layout_loops_cross, mainiacjoe_overflow_cross_hatched,
          lemuel_doored_altar, kiku_gazebo_garden_becter, minmay_misc_feat_alley
D:8:      layout_basic, gammafunk_temple_overflow_statue, lemuel_tele_altar,
          centaur_isle, uniq_maggie, uniq_erica
D:9:      layout_gridville, david_lair_generic, uniq_prince_ribbit1
D:10:     minmay_cornered_nines, layout_cross, mainiacjoe_overflow_brackets,
          david_orc_2
D:11:     layout_small_grid
D:12:     layout_gridville, uniq_sonja
D:13:     layout_small_grid, gammafunk_ghost_abyssal_escape
Temple:   hellmonk_temple_rainy

Skill      XL: |  1  2  3  4  5  6  7  8  9 10 11 12 |
---------------+-------------------------------------+-----
Dodging        | 2 3 |  3.7
Fire Magic     | 4 5 6 7 9 10 11 12 | 12.0
Stealth        | 2 3 |  3.8
Spellcasting   | 3 4 6 8 10 11 | 11.8
Conjurations   | 2 3 4 5 6 7 |  7.4
Staves         | 1 2 |  2.1
Fighting       | 1 |  1.8
Poison Magic   | 3 |  3.6
Earth Magic    | 3 4 |  4.4
Maces & Flails | |  0.7
Translocations | |  0.2
Air Magic      | |  0.3

Action                   |  1- 3 |  4- 6 |  7- 9 | 10-12 || total
-------------------------+-------+-------+-------+-------++-------
Melee: Mace              |    18 |     1 |       |       ||    19
       Staff             |       |     8 |    25 |    23 ||    56
       Tailslap          |       |     1 |     5 |     4 ||    10
 Cast: Foxfire           |    76 |    52 |   201 |   229 ||   558
       Scorch            |     3 |     4 |    48 |    82 ||   137
       Flame Wave        |       |       |       |    18 ||    18
       Kindle Blastspark |       |       |       |     3 ||     3
       Olgreb's Toxic Ra |       |       |       |     2 ||     2
  Use: Scroll            |       |       |    17 |     9 ||    26
       Potion            |       |       |       |     1 ||     1
Armor: Skin              |    24 |     2 |    46 |    57 ||   129
Dodge: Dodged            |    35 |     6 |    40 |    88 ||   169

Table legend: (Time is in decaauts)
 A = Elapsed time spent in this place.
 B = Non-inter-level travel time spent in this place.
 C = Inter-level travel time spent in this place.
 D = Time resting spent in this place.
 E = Time spent auto-exploring this place.
 F = Levels seen in this place.
 G = Mean time per level.
                   A        B        C        D        E       F      G
               +--------+--------+--------+--------+--------+-----+--------+
         Total |  13229 |  12944 |    285 |    477 |  10589 |  14 |  944.9 |
       Dungeon |  13202 |  12932 |    270 |    477 |  10580 |  13 | 1015.5 |
        Temple |     27 |     13 |     14 |      0 |      9 |   1 |   27.0 |
               +--------+--------+--------+--------+--------+-----+--------+

Top non-repeatable levels by time:
     D:8: 1725 daAuts
     D:9: 1414 daAuts
     D:4: 1298 daAuts
     D:1: 1211 daAuts
     D:5: 1167 daAuts
    D:12: 1041 daAuts
    D:10: 928 daAuts
     D:7: 904 daAuts
     D:6: 858 daAuts
    D:11: 788 daAuts
     D:2: 759 daAuts
     D:3: 709 daAuts
    D:13: 394 daAuts
  Temple: 27 daAuts
